 Dungeon Crawl Stone Soup version 0.29-a0-375-g5102b3be25 (webtiles) character file.

Game seed: 9083218414655529446

116 lesaewzxc the Conjurer (level 4, -11/24 HPs)
             Began as a Deep Elf Conjurer on May 3, 2022.
             Killed from afar by an electric eel (14 damage)
             ... with a bolt of electricity
             ... on level 6 of the Dungeon on May 4, 2022.
             The game lasted 00:34:52 (2366 turns).

lesaewzxc the Conjurer (Deep Elf Conjurer)          Turns: 2366, Time: 00:34:53

Health: -11/24     AC:  4    Str:  6    XL:     4   Next: 70%
Magic:  9/12       EV: 12    Int: 21    God:
Gold:   80         SH:  0    Dex: 11    Spells: 4/11 levels left

rFire   . . .      SeeInvis .   h - +3 dagger
rCold   . . .      Faith    .   g - orb {guile}
rNeg    . . .      Spirit   .   d - +1 robe
rPois   .          Reflect  .   (no helmet)
rElec   .          Harm     .   l - +0 cloak
rCorr   .          Rampage  .   (no gloves)
Will    .....                   (no boots)
Stlth   ++........              m - amulet of regeneration
HPRegen 0.00/turn               (no ring)
MPRegen 0.13/turn               (no ring)

@: inhibited regen
A: clumsy 1, dopey 1, inhibited regeneration
a: no special abilities


You were on level 6 of the Dungeon.
You visited 1 branch of the dungeon, and saw 6 of its levels.

You collected 96 gold pieces.
You spent 16 gold pieces at shops.

Inventory:

Hand Weapons
 h - a +3 dagger (weapon)
Missiles
 e - 4 curare-tipped darts
 n - a throwing net
Armour
 a - a +0 robe
 d - a +1 robe (worn)
 g - an orb of guile (worn)
 l - a +0 cloak (worn)
Jewellery
 m - an amulet of regeneration (around neck)
Scrolls
 f - a scroll of amnesia
 i - a scroll of enchant armour
 j - a scroll of magic mapping
 o - a scroll of teleportation
 p - a scroll of vulnerability {unknown}
 q - a scroll of blinking {unknown}
Potions
 b - a potion of magic
 c - a potion of curing
 k - a potion of resistance {unknown}


   Skills:
 + Level 0.5(0.2) Fighting
 + Level 0.9(0.4) Short Blades
 - Level 0.9(0.4) Slings
 * Level 3.4(1.7) Dodging
 + Level 3.2(1.6) Stealth
 * Level 4.2(2.1) Spellcasting
 + Level 4.8(2.4) Conjurations


You had 4 spell levels left.
You knew the following spells:

 Your Spells              Type           Power      Damage    Failure   Level
a - Magic Dart            Conj           48%        1d5       5%          1
b - Searing Ray           Conj           24%        2d5       9%          2
c - Fulminant Prism       Conj/Hex       3%         3d6       65%         4

Your spell library contained the following spells:

 Spells                   Type           Power      Damage    Failure   Level
 Blink                    Tloc           4%         N/A       22%         2
 Dazzling Flash           Conj/Hex       14%        N/A       26%         3
 Iskenderun's Mystic Bla  Conj/Tloc      7%         2d4       65%         4
 Manifold Assault         Tloc           2%         N/A       99%         5
 Storm Form               Tmut/Air       1%         N/A       100%        7


Dungeon Overview and Level Annotations

Branches:
Dungeon (6/15)
 Temple: D:4-7

Altars:
Ashenzari

Shops:
D:3 [


Innate Abilities, Weirdness & Mutations

You are clumsy. (Dex -2)
You are dopey. (Int -2)
You do not regenerate when monsters are visible.


Message History

You now have 68 gold pieces (gained 9).
Found a throwing net.
n - a throwing net
Found a stone staircase leading down.
Found a scroll labelled KOICKU OGROEL and 12 gold pieces.
There is a stone staircase leading down here.
Found 15 stones.
Found a scroll of identify.
q - a scroll labelled KOICKU OGROEL You now have 80 gold pieces (gained 12).
r - a scroll of identify
Aiming: Searing Ray (safe; 9% risk of failure)
Press: ? - help, Q - select action, (/) - cycle Shift-Dir - straight line, f - you
Okay, then.
As you read the scroll of identify, it crumbles to dust.
c - a potion of curing
Okay, then.
There is a stone staircase leading down here.
You climb downwards.
Found a scroll labelled RANNAU BEHILU and a plate armour.
There is a stone staircase leading up here.
The electric eel shoots out a bolt of lightning at you!
The bolt of electricity hits you!
A white imp comes into view.
The white imp shouts!
The electric eel shoots out a bolt of lightning at you!
The bolt of electricity hits you!
* * * LOW HITPOINT WARNING * * *
An adder comes into view.
The adder moves out of view.
Aiming: Searing Ray (safe; 9% risk of failure)
Press: ? - help, Q - select action, (/) - cycle Shift-Dir - straight line, f - electric eel
Aim: an electric eel (60% to hit)
The searing ray misses the electric eel. (Press . to maintain the ray.)
The searing ray misses the electric eel.
The electric eel shoots out a bolt of lightning at you!
The bolt of electricity hits you!
Ouch! That really hurt!
You die...

###########
#...[≈≈≈≈≈
#....≈#≈≈ #
#....≈#≈###≈#
#....≈#≈≈≈≈≈#≈
#....≈≈S≈≈≈≈≈≈
#......?....##
#.....@.......
#...<.....#.##
#.............
#.....^..5....
########+#....
.... .∩. ..


You could see an electric eel and a white imp.

Vanquished Creatures
  An iguana (D:4)
  An orc wizard (D:5)
  2 adders
  3 dart slugs
  2 orcs (D:5)
  5 endoplasms
  3 giant cockroaches
  3 goblins
  6 hobgoblins
  6 kobolds
  4 ball pythons
  2 bats (D:1)
  2 frilled lizards (D:1)
40 creatures vanquished.

Notes
Turn   | Place    | Note
-------+----------+-------------------------------------------
     0 | D:1      | lesaewzxc the Deep Elf Conjurer began the quest for the
                  | Orb.
     0 | D:1      | Reached XP level 1. HP: 10/10 MP: 6/6
   151 | D:1      | Found a faded altar of an unknown god.
   166 | D:1      | Prayed at the altar of an unknown god.
   166 | D:1      | Became a worshipper of Ashenzari the Shackled
   196 | D:1      | Gained mutation: You are clumsy. (Dex -2) [potion of
                  | mutation]
   196 | D:1      | Gained mutation: You are dopey. (Int -2) [potion of
                  | mutation]
   196 | D:1      | Gained mutation: You do not regenerate when monsters are
                  | visible. [potion of mutation]
   432 | D:1      | Reached XP level 2. HP: 15/15 MP: 8/8
   468 | D:1      | Learned a level 2 spell: Searing Ray
  1309 | D:2      | Reached XP level 3. HP: 17/19 MP: 9/9
  1595 | D:3      | Found Adavicw's Antique Armour Boutique.
  1614 | D:3      | Bought a robe for 16 gold pieces
  1859 | D:4      | Reached XP level 4. HP: 4/24 MP: 2/11
  2153 | D:4      | Learned a level 4 spell: Fulminant Prism
  2204 | D:5      | Entered Level 5 of the Dungeon
  2246 | D:5      | Fell from the grace of Ashenzari
  2366 | D:6      | Killed from afar by an electric eel

Illustrated notes

Levels and vault maps discovered:
D:1:      ncdulo_halloftheorcs, layout_basic, hellmonk_ecumenical_altar_zigzags,
          minmay_tetromino_o4
D:2:      layout_loops_corners, uniq_sigmund
D:3:      layout_loops_ring, serial_shops, shop, amcnicky_mini_corridor_feature
D:4:      layout_rooms, dk_noncrumbling_3
D:5:      layout_basic, grunt_temple_overflow_open, uniq_duvessa
D:6:      layout_basic, abandoned_shop, minmay_crystal_water,
          minmay_a_box_with_orc_wizards_in_it

Skill      XL: |  1  2  3  4 |
---------------+-------------+-----
Stealth        | 3 |  3.2
Dodging        | 3 |  3.4
Spellcasting   | 4 |  4.2
Fighting       | |  0.5
Short Blades   | |  0.9
Slings         | |  0.9
Conjurations   | |  4.8

Action                   |  1- 3 |  4- 6 || total
-------------------------+-------+-------++-------
Melee: Dagger            |    40 |       ||    40
 Fire: Hunting sling     |    46 |       ||    46
 Cast: Searing Ray       |     8 |     4 ||    12
       Magic Dart        |     5 |    16 ||    21
Invok: Curse Item        |     1 |       ||     1
       Shatter the Chain |       |     1 ||     1
       Renounce Religion |       |     1 ||     1
  Use: Scroll            |     2 |     4 ||     6
       Potion            |     1 |       ||     1
 Stab: Sleeping          |     1 |       ||     1
Armor: Robe              |    20 |       ||    20
Dodge: Dodged            |    37 |       ||    37

Table legend: (Time is in decaauts)
 A = Elapsed time spent in this place.
 B = Non-inter-level travel time spent in this place.
 C = Inter-level travel time spent in this place.
 D = Time resting spent in this place.
 E = Time spent auto-exploring this place.
 F = Levels seen in this place.
 G = Mean time per level.
                   A        B        C        D        E       F      G
               +--------+--------+--------+--------+--------+-----+--------+
         Total |   2371 |   2358 |     13 |      0 |    187 |   6 |  395.2 |
       Dungeon |   2371 |   2358 |     13 |      0 |    187 |   6 |  395.2 |
               +--------+--------+--------+--------+--------+-----+--------+

Top non-repeatable levels by time:
     D:1: 1211 daAuts
     D:4: 507 daAuts
     D:3: 308 daAuts
     D:2: 182 daAuts
     D:5: 156 daAuts
     D:6: 4 daAuts
